 Dungeon Crawl Stone Soup version 0.19.5 (webtiles) character file.

88 devil0150 the Magician (level 4, -3/27 HPs)
             Began as a High Elf Wizard on Apr 11, 2017.
             Slain by an orc warrior
             ... wielding a +2 dire flail of holy wrath
              (11 damage)
             ... on level 3 of the Dungeon.
             The game lasted 00:08:02 (2853 turns).

devil0150 the Magician (High Elf Wizard)            Turns: 2853, Time: 00:08:03

Health: -3/27      AC:  2    Str:  6    XL:     4   Next: 30%
Magic:  4/11       EV: 12    Int: 23    God:
Gold:   102        SH:  0    Dex: 13    Spells: 1 memorised, 11 levels left

rFire  . . .     SeeInvis .     j - +3 whip
rCold  . . .     Gourm    .     a - +0 robe
rNeg   . . .     Faith    .     (no shield)
rPois  .         Spirit   .     b - +0 hat
rElec  .         Reflect  .     (no cloak)
rCorr  .         Harm     .     (no gloves)
MR     .....                    (no boots)
Stlth  ++........               (no amulet)
                                (no ring)
                                (no ring)

@: drained
A: no striking features
a: no special abilities


You were on level 3 of the Dungeon.
You were not hungry.

You visited 1 branch of the dungeon, and saw 3 of its levels.

You collected 102 gold pieces.

Inventory:

Hand Weapons
 g - a +0 short sword
 j - a +3 whip (weapon)
Missiles
 l - 5 javelins of penetration (quivered)
Armour
 a - a +0 robe (worn)
 b - a +0 hat (worn)
Scrolls
 e - a scroll of teleportation
 h - 2 scrolls of blinking
Potions
 f - a potion of haste {unknown}
 i - 2 potions of flight {unknown}
 k - 3 potions of curing {unknown}
 m - a potion of might {unknown}
Books
 c - a book of Minor Magic

   Spells                             Type                      Level
   a - Magic Dart                     Conjuration                  1
   b - Blink                          Translocation                2
   c - Call Imp                       Summoning                    2
   d - Repel Missiles                 Charms/Air                   2
   e - Slow                           Hexes                        2
   f - Conjure Flame                  Conjuration/Fire             3
   g - Mephitic Cloud                 Conjuration/Poison/Air       3
Comestibles
 d - 2 bread rations


   Skills:
 + Level 2.5(2.0) Dodging
 + Level 2.6(2.1) Stealth
 + Level 4.9(4.4) Spellcasting
 + Level 2.5(2.0) Conjurations
   Level 0.8(0.3) Summonings
   Level 1.1(0.6) Translocations


You had 11 spell levels left.
You knew the following spells:

 Your Spells              Type           Power        Failure   Level  Hunger
a - Magic Dart            Conj           ##..         4%          1    None


Dungeon Overview and Level Annotations

Branches:
Dungeon (3/15)

Altars:


Message History

Casting: Magic Dart
Confirm with . or Enter, or press ? or * to list all spells.
Aiming: Magic Dart
Press: ? - help, Shift-Dir - straight line, f/p - orc warrior
Aim: an orc warrior, wielding a dire flail of holy wrath and wearing a plate armour (lightly wounded)
The magic dart hits the orc warrior.
The orc warrior is lightly wounded.
The orc warrior barely misses you.
Casting: Magic Dart
Confirm with . or Enter, or press ? or * to list all spells.
Aiming: Magic Dart
Press: ? - help, Shift-Dir - straight line, f/p - orc warrior
Aim: an orc warrior, wielding a dire flail of holy wrath and wearing a plate armour (lightly wounded)
The magic dart hits the orc warrior.
The orc warrior is lightly wounded.
The orc warrior closely misses you.
You barely miss the orc warrior.
The orc warrior is lightly wounded.
The orc warrior hits you with a dire flail of holy wrath!
You die...

#########. ###########...[.....
#.......##..#######.
#.#####.....## #.# ##.....# #.#
##...## #.# ##.## ####.##### #@#
$# #........# #o# .# #.##.###.#
##'## .# ##.##.#
#.###...########.### #.....#
#.##.....#.........# ###..#.##
#.#........#####.#.#
........###..........####....####
###..................'...$.......
# #..................###.....####


You could see an orc warrior.

Vanquished Creatures
  An orc wizard (D:2)
  3 adders (D:2)
  A dart slug (D:2)
  3 orcs (D:2)
  4 giant cockroaches
  2 jackals
  8 kobolds
  A ball python (D:2)
  A bat (D:2)
  3 frilled lizards
  A goblin (D:1)
  5 rats
33 creatures vanquished.

Notes
Turn   | Place    | Note
-------+----------+-------------------------------------------
     0 | D:1      | devil0150 the High Elf Wizard began the quest for the Orb.
     0 | D:1      | Reached XP level 1. HP: 11/11 MP: 6/6
   529 | D:1      | Reached skill level 4 in Spellcasting
   710 | D:1      | Reached XP level 2. HP: 17/17 MP: 6/8
  1638 | D:2      | Reached XP level 3. HP: 21/21 MP: 6/10
  2470 | D:2      | Reached XP level 4. HP: 11/27 MP: 3/11
  2847 | D:3      | Noticed an orc warrior
  2853 | D:3      | Slain by an orc warrior

Skill      XL: |  1  2  3 |
---------------+----------+-----
Spellcasting   | 4 |  4.9
Conjurations   | 2 |  2.5
Dodging        | |  2.5
Stealth        | |  2.6
Summonings     | |  0.8
Translocations | |  1.1

Action                   |  1- 3 |  4- 6 || total
-------------------------+-------+-------++-------
Melee: Unarmed           |     3 |       ||     3
       Short sword       |    13 |       ||    13
       Whip              |       |     7 ||     7
 Cast: Magic Dart        |    82 |    18 ||   100
  Use: Scroll            |    10 |       ||    10
  Eat: Chunk             |     5 |     1 ||     6
Armor: Robe              |    10 |     1 ||    11
Dodge: Dodged            |    38 |    11 ||    49
